 Dungeon Crawl Stone Soup version bcrawl-1.40.3b (webtiles) character file.

Game seed: 223820659772271606

515632 Galewind the Destroyer (level 13, -5/70 HPs)
             Began as an Avariel Conjurer on Mar 24, 2024.
             Was a High Priest of Vehumet.
             Slain by a seven-headed hydra (10 damage)
             ... on level 6 of the Lair of Beasts.
             The game lasted 00:15:44 (13715 turns).

Galewind the Destroyer (Avariel Conjurer)          Turns: 13715, Time: 00:15:44

Health: -5/70      AC: 11    Str:  6    XL:     13   Next: 86%
Magic:  29/33      EV: 19    Int: 36    God:    Vehumet [*****.]
Gold:   2878       SH:  0    Dex: 13    Spells: 23/40 levels left

rFire    . . .     GDR:     25% I - staff of conjuration
rCold    . . .     SeeInvis .   (no shield)
rNeg     . . .     Gourm    .   r - +0 steam dragon scales
rPois    .         Faith    .   H - +0 hat {Int+3}
rElec    .         Spirit   .   D - +0 cloak
rCorr    .         Reflect  .   E - +0 pair of gloves
MR       +....                  (no boots)
Stlth    ++........             k - amulet of magic regeneration
HPRegen  0.21/turn              n - +4 ring of protection
MPRegen  0.51/turn              o - +6 ring of intelligence

@: flying quickly and evasively, quick
A: able to fly
a: Stop Flying, Renounce Religion


You were on level 6 of the Lair of Beasts.
You worshipped Vehumet.
Vehumet was extremely pleased with you.
You were hungry.

You visited 3 branches of the dungeon, and saw 15 of its levels.
You also visited: Ossuary.

You collected 3081 gold pieces.
You spent 203 gold pieces at shops.

Inventory:

Hand Weapons
 R - the +4 dagger of Yesterday {holy, +Fly}
   (You found it on level 1 of the Lair of Beasts)

   It has been blessed by the Shining One to cause great damage to the undead
   and demons.
   It lets you fly.
Missiles
 p - a throwing net {=f}
Armour
 r - +0 steam dragon scales (worn)
 D - a +0 cloak (worn)
 E - a +0 pair of gloves (worn)
 H - a +0 hat of intelligence (worn)
Magical Staves
 I - an uncursed staff of conjuration (weapon)
Jewellery
 k - an amulet of magic regeneration (around neck)
 n - a +4 ring of protection (left hand)
 o - a +6 ring of intelligence (right hand)
 C - an uncursed ring of positive energy {unknown}
 F - an uncursed ring of magical power {unknown}
 O - an uncursed ring of protection from cold {unknown}
 U - a +7 ring of intelligence
 V - an uncursed ring of wizardry {unknown}
Wands
 B - a wand of random effects (19)
 G - a wand of paralysis (6)
 J - a wand of charming (10)
 M - a wand of flame (22)
 Q - a wand of acid (7)
Scrolls
 d - 7 scrolls of teleportation
 f - 3 scrolls of immolation
 h - 2 scrolls of amnesia
 l - 7 scrolls of fog
 u - a scroll of vulnerability {unknown}
 w - a scroll of revelation {unknown}
 y - 7 scrolls of remove curse
 A - 6 scrolls of enchant weapon
 L - a scroll of enchant armour {unknown}
 N - a scroll of brand weapon
 S - a scroll of noise {unknown}
 T - a scroll of blinking {unknown}
Potions
 a - 4 potions of heal wounds
 b - 3 potions of lignification
 c - 3 potions of magic
 g - a potion of berserk rage
 j - 7 potions of curing
 m - 8 potions of mutation
 q - 3 potions of cancellation
 s - a potion of invisibility
 t - 3 potions of might
 v - 2 potions of haste
 x - 2 potions of agility
 z - 2 potions of flight
 K - 2 potions of brilliance {unknown}
Comestibles
 e - 27 rations {!d}


   Skills:
 - Level 4.0 Fighting
 - Level 8.0 Dodging
 - Level 2.1 Stealth
 - Level 14.0 Spellcasting
 - Level 14.0 Conjurations
 - Level 10.0 Ice Magic
 + Level 6.0 Air Magic
 - Level 11.7 Evocations


You had 23 spell levels left.
You knew the following spells:

 Your Spells              Type           Power        Failure   Level  Hunger
a - Magic Dart            Conj           ####         0%          1    None
b - Searing Ray           Conj           ########     0%          2    None
c - Iskenderun's Mystic   Conj           ########     0%          3    None
d - Bolt of Cold          Conj/Ice       ########..   1%          6    None
e - Freezing Cloud        Ice/Air        ######..     1%          5    None

Your spell library contained the following spells:

 Spells                   Type           Power        Failure   Level  Hunger
 Sticky Flame             Conj/Fire      #######.     1%          4    None
 Beastly Appendage        Tmut           ####..       1%          1    None
 Conjure Flame            Conj/Fire      #######.     1%          3    None
 Mephitic Cloud           Conj/Pois/Air  #######.     1%          3    None
 Fulminant Prism          Conj/Hex       #######...   1%          4    None
 Ice Form                 Ice/Tmut       ######..     1%          4    None
 Irradiate                Conj/Tmut      #######...   1%          5    None
 Ozocubu's Refrigeration  Ice            #######...   1%          6    ###....
 Blink                    Tloc           N/A          2%          2    None
 Call Imp                 Summ           ####..       2%          2    None
 Passwall                 Tmut/Erth      ####....     2%          2    None
 Sticks to Snakes         Tmut           ####....     2%          2    None
 Spider Form              Tmut/Pois      ###          4%          3    None
 Metabolic Englaciation   Hex/Ice        ######....   5%          5    None
 Petrify                  Tmut/Erth      ####......   16%         4    None
 Simulacrum               Ice/Necr       ######..     30%         6    ###....
 Blade Hands              Tmut           ####......   38%         5    None


Dungeon Overview and Level Annotations

Branches:
Dungeon (8/12)             Temple (1/1) D:4            Lair (6/6) D:7
 Shoals (0/3) Lair:3       Spider (0/3) Lair:2
    Orc: D:8-11         Elf: Lair:5-6    Forest: Lair:5-6

Altars:
Ashenzari
Cheibriados
Dithmenos
Elyvilon
Fedhas
Gozag
Hepliaklqana
Kikubaaqudgha
Lugonu
Makhleb
Nemelex Xobeh
Okawaru
Qazlal
Ru
Sif Muna
Trog
Uskayaw
Vehumet
Wu Jian
Xom
Yredelemnul
Zin
The Shining One

Shops:
D:4 !


Innate Abilities, Weirdness & Mutations

You can fly continuously.


Message History

The wolf closely misses you. The seven-headed hydra bites you!!
You wake up.
The seven-headed hydra completely misses you.
The seven-headed hydra closely misses you. x2
The seven-headed hydra bites you!
The seven-headed hydra bites you but does no damage.
The seven-headed hydra bites you.
A dream sheep comes into view.
The wolf completely misses you.
The water moccasin is engulfed in freezing vapours.
Unknown command.
Unknown command.
The dream sheep is engulfed in freezing vapours.
There is a stone staircase leading up here.
Unknown command.
The wolf closely misses you. The seven-headed hydra bites you!
* * * LOW HITPOINT WARNING * * *
The seven-headed hydra bites you!
* * * LOW HITPOINT WARNING * * *
The seven-headed hydra bites you!
You die...

.P..........##.
................
................
................
...............♣
...............♣
...............♣
.......h@.P.....
......hDYP......
......†Sh.......
.....h..Y......P
...............#
...Y.H.§Y.....#.
.....§Y..#......
##..Y§§..#......
#......#...P..


You could see a seven-headed hydra, a hippogriff, a water moccasin, 4 wolves and
6 dream sheep.

Vanquished Creatures
  Urug (Lair:5)
  6 hydras
  An anaconda (Lair:5)
  8 death yaks (Lair:5)
  6 elephants (Lair:4)
  3 black mambas (Lair:4)
  A merfolk siren (Lair:3)
  A torpor snail (Lair:5)
  7 komodo dragons
  7 cane toads
  2 rime drakes
  A troll (D:7)
  2 hornets
  5 blink frogs (Lair:2)
  A polar bear (Lair:4)
  13 dream sheep
  7 hippogriffs
  30 yaks
  A spriggan (D:8)
  Eustachio (D:6)
  2 basilisks
  A hungry ghost (D:5)
  A steam dragon (D:4)
  13 crocodiles
  6 water moccasins
  7 porcupines
  2 orc warriors
  5 sky beasts
  2 black bears
  2 ogres
  A necrophage (D:7)
  3 wolves (Lair:4)
  A kobold brigand (D:7)
  9 bullfrogs
  A scorpion (Lair:2)
  5 wights (D:6)
  3 killer bees (D:7)
  2 electric eels
  2 orc priests
  A howler monkey (D:6)
  6 crimson imps
  A jelly (D:8)
  7 hounds
  Jessica (D:2)
  An iguana (D:6)
  7 orc wizards
  11 worker ants
  8 mummies (Ossuary)
  A worker ant zombie (D:3)
  A howler monkey skeleton (D:6)
  4 gnolls (D:3)
  11 adders
  2 adder zombies
  2 adder skeletons
  9 worms
  4 dart slugs
  4 leopard geckos
  24 orcs
  A ball python (D:3)
  3 bats
  18 giant cockroaches
  3 goblins
  11 hobgoblins
  11 jackals
  13 kobolds
  7 quokkas
  3 hobgoblin zombies (Ossuary)
  3 kobold zombies (Ossuary)
  2 orc zombies (Ossuary)
  6 rats
  A butterfly (Lair:1)
  A fungus (Lair:3)
  A plant (D:2)
361 creatures vanquished.

Vanquished Creatures (collateral kills)
  A basilisk (D:7)
  A killer bee (D:7)
2 creatures vanquished.

Vanquished Creatures (others)
  A hippogriff (D:7)
  2 bushes (Lair:5)
  10 fungi
  5 plants (Lair:5)
18 creatures vanquished.

Grand Total: 381 creatures vanquished

Notes
Turn   | Place    | Note
-------+----------+-------------------------------------------
     0 | D:1      | Galewind the Avariel Conjurer began the quest for the Orb.
     0 | D:1      | Reached XP level 1. HP: 10/10 MP: 6/6
   127 | D:1      | Reached XP level 2. HP: 15/15 MP: 3/7
   573 | D:1      | Learned a level 2 spell: Searing Ray
   692 | D:1      | Reached XP level 3. HP: 19/19 MP: 6/9
   696 | D:1      | Learned a level 3 spell: Iskenderun's Mystic Blast
  1341 | D:2      | Noticed Jessica
  1347 | D:2      | Killed Jessica
  1351 | D:2      | Reached XP level 4. HP: 24/24 MP: 3/10
  2827 | D:3      | Reached XP level 5. HP: 28/28 MP: 9/12
  3636 | D:3      | Reached XP level 6. HP: 19/32 MP: 6/15
  4153 | D:4      | Identified Sif Muna's Compendium of Congealing Moulding
  4166 | D:4      | Reached skill level 5 in Spellcasting
  4167 | D:4      | Noticed a steam dragon
  4176 | D:4      | Killed a steam dragon
  4177 | D:4      | Reached XP level 7. HP: 29/36 MP: 2/17
  4256 | D:4      | Found a staircase to the Ecumenical Temple.
  4274 | Temple   | Entered the Ecumenical Temple
  4325 | Temple   | Became a worshipper of Vehumet
  4398 | D:4      | Found a sand-covered staircase.
  4403 | Ossuary  | Entered an ossuary
  4978 | D:4      | Found Dorat's Distillery.
  4984 | D:4      | Bought a potion of agility for 44 gold pieces
  4984 | D:4      | Bought a potion of flight for 44 gold pieces
  4984 | D:4      | Bought a potion of curing for 27 gold pieces
  4984 | D:4      | Bought a potion of mutation for 88 gold pieces
  5455 | D:5      | Entered Level 5 of the Dungeon
  5647 | D:5      | Reached XP level 8. HP: 42/42 MP: 13/20
  5802 | D:5      | Reached * piety under Vehumet
  5802 | D:5      | Offered knowledge of Sting by Vehumet.
  5803 | D:5      | Reached skill level 10 in Conjurations
  6140 | D:5      | Identified 3 scrolls of acquirement
  6142 | D:5      | Identified the +11 executioner's axe of Focus {freeze, rF+
                  | rN++ MR+ Int-3} (You acquired it on level 5 of the Dungeon)
  6142 | D:5      | Identified the amulet of the Sparrow {Gourm Fragile MR+
                  | Dex+4} (You acquired it on level 5 of the Dungeon)
  6145 | D:5      | Identified the ring "Laihubar" {Ice Int+4} (You acquired it
                  | on level 5 of the Dungeon)
  6152 | D:5      | Identified the ring "Kipett" {*Slow rElec rN+ Str+2} (You
                  | acquired it on level 5 of the Dungeon)
  6180 | D:6      | Reached skill level 1 in Fighting
  6563 | D:6      | Gained mutation: You can fly continuously. [Avariel growth]
  6563 | D:6      | Reached XP level 9. HP: 47/47 MP: 15/24
  6737 | D:6      | Noticed Eustachio
  6745 | D:6      | Killed Eustachio
  6895 | D:6      | Found a hazy altar of Hepliaklqana.
  7137 | D:7      | Reached ** piety under Vehumet
  7137 | D:7      | Offered knowledge of Sandblast by Vehumet.
  7138 | D:7      | Reached skill level 10 in Spellcasting
  7429 | D:7      | Reached skill level 5 in Dodging
  7556 | D:7      | Found a staircase to the Lair.
  7570 | D:7      | Reached skill level 1 in Evocations
  7574 | D:7      | Reached XP level 10. HP: 56/56 MP: 16/26
  7723 | D:7      | Offered knowledge of Shock by Vehumet.
  8127 | D:8      | Found a shadowy altar of Dithmenos.
  8145 | D:8      | Reached *** piety under Vehumet
  8166 | D:8      | Reached skill level 5 in Evocations
  8452 | D:8      | Found a bloodstained altar of Trog.
  8455 | D:8      | Found a radiant altar of Vehumet.
  8455 | D:8      | Found a shimmering altar of Xom.
  8457 | D:8      | Found an iron altar of Okawaru.
  8457 | D:8      | Found a stormy altar of Qazlal.
  8457 | D:8      | Found a shimmering altar of Xom.
  8874 | Lair:1   | Entered Level 1 of the Lair of Beasts
  8911 | Lair:1   | Got a transparent dagger
  8948 | Lair:1   | Noticed a five-headed hydra
  8953 | Lair:1   | Killed a five-headed hydra
  8954 | Lair:1   | Reached XP level 11. HP: 61/61 MP: 20/27
  9040 | Lair:1   | Noticed a seven-headed hydra
  9046 | Lair:1   | Killed a seven-headed hydra
  9047 | Lair:1   | Reached skill level 10 in Evocations
  9374 | Lair:1   | Offered knowledge of Lightning Bolt by Vehumet.
  9418 | Lair:1   | Learned a level 6 spell: Bolt of Cold
  9424 | Lair:1   | Learned a level 5 spell: Freezing Cloud
  9640 | Lair:1   | Identified the +4 dagger of Yesterday {holy, +Fly} (You
                  | found it on level 1 of the Lair of Beasts)
  9661 | Lair:2   | Found a hole to the Spider Nest.
  9815 | Lair:2   | Noticed a six-headed hydra
  9818 | Lair:2   | Killed a six-headed hydra
  9844 | Lair:2   | Reached **** piety under Vehumet
  9865 | Lair:2   | HP: 3/61 [poisoned by a cane toad]
 10033 | Lair:2   | Reached XP level 12. HP: 66/66 MP: 19/29
 10036 | Lair:2   | Offered knowledge of Venom Bolt by Vehumet.
 10078 | Lair:2   | Noticed a seven-headed hydra
 10082 | Lair:2   | Killed a seven-headed hydra
 10825 | Lair:3   | Reached skill level 1 in Ice Magic
 11193 | Lair:3   | Found a staircase to the Shoals.
 12355 | Lair:4   | Reached XP level 13. HP: 70/70 MP: 21/33
 12441 | Lair:4   | Reached skill level 5 in Ice Magic
 12552 | Lair:4   | Reached ***** piety under Vehumet
 12757 | Lair:5   | Offered knowledge of Sticky Flame by Vehumet.
 12999 | Lair:5   | Reached skill level 1 in Air Magic
 13172 | Lair:5   | Noticed Urug
 13177 | Lair:5   | Killed Urug
 13235 | Lair:5   | Found a sacrificial altar of Ru.
 13324 | Lair:5   | Reached skill level 10 in Ice Magic
 13697 | Lair:6   | Entered Level 6 of the Lair of Beasts
 13700 | Lair:6   | Reached skill level 5 in Air Magic
 13715 | Lair:6   | Slain by a seven-headed hydra

Skill      XL: |  1  2  3  4  5  6  7  8  9 10 11 12 13 |
---------------+----------------------------------------+-----
Conjurations   | 6 7 8 9 11 12 13 14 | 14.0
Spellcasting   | 3 4 5 7 9 10 11 14 | 14.0
Dodging        | 3 4 7 8 |  8.0
Fighting       | 1 3 4 |  4.0
Evocations     | 1 8 11 | 11.7
Ice Magic      | 4 10 | 10.0
Air Magic      | 6 |  6.0
Stealth        | |  2.1

Action                   |  1- 3 |  4- 6 |  7- 9 | 10-12 | 13-15 || total
-------------------------+-------+-------+-------+-------+-------++-------
Melee: Unarmed           |     1 |    23 |    10 |       |       ||    34
       Staff             |       |       |       |     7 |       ||     7
 Cast: Magic Dart        |    44 |   142 |    37 |       |       ||   223
       Searing Ray       |     2 |     9 |     8 |     3 |       ||    22
       Iskenderun's Myst |       |     5 |   104 |   205 |    73 ||   387
       Bolt of Cold      |       |       |       |     4 |    12 ||    16
       Freezing Cloud    |       |       |       |       |     5 ||     5
Evoke: Wand              |       |       |     1 |       |       ||     1
  Use: Scroll            |       |     3 |    13 |     3 |     1 ||    20
       Potion            |       |       |       |     1 |       ||     1
 Stab: Sleeping          |       |       |       |     1 |       ||     1
  Eat: Chunk             |     2 |    11 |    12 |    16 |     4 ||    45
       Ration            |       |       |     1 |       |       ||     1
Armor: Robe              |     1 |    34 |       |       |       ||    35
       Steam dragon scal |       |       |    12 |     9 |     4 ||    25
Dodge: Dodged            |     3 |    73 |    23 |    34 |    25 ||   158
